 Dungeon Crawl Stone Soup version 0.18.1-48-g4cf74bf (webtiles) character file.

123 kobby the Covered (level 5, -2/41 HPs)
             Began as a Human Fighter on July 8, 2016.
             Slain by an ogre
             ... wielding a +0 giant spiked club
              (19 damage)
             ... on level 4 of the Dungeon.
             The game lasted 00:06:12 (2371 turns).

kobby the Covered (Human Fighter)                   Turns: 2371, Time: 00:06:13

Health: -2/41      AC: 11    Str: 16    XL:     5   Next: 29%
Magic:  5/5        EV:  3    Int:  9    God:
Gold:   194        SH:  9    Dex: 13    Spells: 0 memorised, 4 levels left

rFire  . . .     SeeInvis .     a - +0 long sword
rCold  . . .     Gourm    .     m - +0 plate armour
rNeg   . . .     Faith    .     c - +0 shield
rPois  .         Spirit   .     (no helmet)
rElec  .         Dismiss  .     (no cloak)
rCorr  .         Reflect  .     (no gloves)
SustAt .         Harm     .     (no boots)
MR     .....                    (no amulet)
Stlth  ..........               (no ring)
                                (no ring)

@: not resistant to hostile enchantments, extremely unstealthy
A: no striking features
a: no special abilities


You were on level 4 of the Dungeon.
You were not hungry.

You visited 1 branch of the dungeon, and saw 4 of its levels.

You collected 194 gold pieces.

Inventory:

Hand Weapons
 a - a +0 long sword (weapon)
Armour
 b - a +0 scale mail
 c - a +0 shield (worn)
 m - a +0 plate armour (worn)
Jewellery
 i - a +4 ring of dexterity {unknown}
Scrolls
 e - a scroll of immolation {unknown}
 h - a scroll of fog {unknown}
 k - a scroll of fear {unknown}
 n - 2 scrolls of magic mapping {unknown}
 o - 4 scrolls of identify {unknown}
 p - a scroll of noise {unknown}
 q - a scroll of teleportation {unknown}
Potions
 d - a potion of might
 g - 2 potions of curing
 j - a potion of heal wounds
 l - a potion of cancellation {unknown}
 s - a potion of mutation {unknown}
Books
 r - a book of Spatial Translocations

   Spells                             Type                      Level
   a - Apportation                    Translocation                1
   b - Blink                          Translocation                2
   c - Shroud of Golubria             Charms/Translocation         2
   d - Portal Projectile              Translocation                3
   e - Teleport Other                 Translocation                3
   f - Passage of Golubria            Translocation                4
Comestibles
 f - 2 bread rations
 t - a meat ration
 u - 2 slices of pizza


   Skills:
 + Level 3.5 Fighting
 + Level 2.8 Long Blades
 + Level 3.9 Armour
 + Level 0.8 Dodging
 + Level 0.2 Stealth
 + Level 3.8 Shields


You had 4 spell levels left.
You didn't know any spells.

Dungeon Overview and Level Annotations

Branches:
Dungeon (4/15)
 Temple: D:4-7

Altars:
Ashenzari
Nemelex Xobeh
Sif Muna
Trog
Vehumet

Annotations:
D:2 Sigmund


Message History

It was a potion of heal wounds.
You feel much better.
There are monsters nearby!
Your plate armour prevents you from hitting the ogre.
The ogre hits you with a giant spiked club!
The orc wizard casts a spell.
The orc wizard flickers and vanishes!
Deactivating autopickup; reactivate with Ctrl-A.
You slash the ogre!
The ogre is moderately wounded.
You block the ogre's attack.
You hit the ogre.
The ogre is moderately wounded.
You block the ogre's attack.
You slash the ogre!
The ogre is severely wounded.
The ogre hits you with a giant spiked club!!
You hit the ogre.
The ogre is almost dead.
The ogre hits you with a giant spiked club!!
You die...

#####.# ..<...#
... ##.#### ##.#.#
...# ..... ##.#
#.... ####.#
#.#.## .....#
...{. ######.
#.#O# .......
#.#@#
##############.#.#
.................#
##############.#.#
#.#.# .....
##.#.## #.#.#
#.#.#


You could see an ogre.

Vanquished Creatures
  4 adders
  2 oozes
  A worm (D:2)
  3 dart slugs
  A giant gecko (D:3)
  5 orcs
  2 giant cockroaches
  7 goblins
  4 hobgoblins
  3 jackals (D:2)
  5 kobolds
  3 quokkas
  11 bats
  4 giant newts
  10 rats
65 creatures vanquished.

Vanquished Creatures (others)
  An adder (D:2)
  An ooze (D:2)
  5 toadstools (D:1)
7 creatures vanquished.

Grand Total: 72 creatures vanquished

Notes
Turn   | Place    | Note
--------------------------------------------------------------
     0 | D:1      | kobby the Human Fighter began the quest for the Orb.
     0 | D:1      | Reached XP level 1. HP: 18/18 MP: 1/1
   185 | D:1      | Reached XP level 2. HP: 24/24 MP: 2/2
   438 | D:1      | Reached XP level 3. HP: 28/29 MP: 3/3
   961 | D:2      | Reached XP level 4. HP: 30/35 MP: 4/4
  1208 | D:2      | Found a shattered altar of Ashenzari.
  1300 | D:2      | Found a deep blue altar of Sif Muna.
  1348 | D:2      | Found a radiant altar of Vehumet.
  1415 | D:2      | Found a bloodstained altar of Trog.
  1440 | D:2      | Noticed Sigmund
  1859 | D:3      | Reached XP level 5. HP: 41/41 MP: 5/5
  1863 | D:3      | Found a sparkling altar of Nemelex Xobeh.
  2363 | D:4      | Noticed an ogre
  2371 | D:4      | Slain by an ogre

Action                   |  1- 3 |  4- 6 || total
-------------------------+-------+-------++-------
Melee: Long sword        |   134 |   158 ||   292
  Use: Potion            |     2 |     1 ||     3
  Eat: Meat ration       |       |     1 ||     1
Armor: Scale mail        |    33 |       ||    33
       Plate armour      |    43 |   133 ||   176
Dodge: Dodged            |    26 |    17 ||    43
Block: Shield            |    63 |    85 ||   148
